 Dungeon Crawl Stone Soup version 0.27-a0-906-g0a00ce863d (webtiles) character file.

Game seed: 10783848784142524387

17266 mhtbhm the Basher (level 12, -1/77 HPs)
             Began as a Gargoyle Berserker on Apr 6, 2021.
             Was a High Priest of Trog.
             Slain by a large slime creature (22 damage)
             ... on level 12 of the Dungeon on Apr 7, 2021.
             The game lasted 00:17:17 (15408 turns).

mhtbhm the Basher (Gargoyle Berserker)             Turns: 15408, Time: 00:17:18

Health: -1/77      AC: 29    Str: 27    XL:     12   Next: 46%
Magic:  12/12      EV:  9    Int:  7    God:    Trog [*****.]
Gold:   621        SH:  0    Dex:  9    Spells: 11/11 levels left

rFire    . . .     SeeInvis .   a - +2 dire flail (vorpal)
rCold    . . .     Faith    +   (shield currently unavailable)
rNeg     + . .     Spirit   .   b - +0 plate armour
rPois    ∞         Reflect  .   (no helmet)
rElec    +         Harm     .   g - +0 cloak
rCorr    .         Rampage  .   (no gloves)
Will     .....                  (no boots)
Stlth    ..........             v - amulet of faith
HPRegen  0.22/turn              k - +4 ring of protection
MPRegen  0.13/turn              (no ring)

@: on berserk cooldown, slowed, very slow
A: AC +8, negative energy resistance 1, electricity resistance, torment
resistance 1, unbreathing 1, petrification resistance
a: Renounce Religion, Berserk, Trog's Hand, Brothers in Arms


You were on level 12 of the Dungeon.
You worshipped Trog.
Trog was extremely pleased with you.
You visited 1 branch of the dungeon, and saw 12 of its levels.

You collected 621 gold pieces.

Inventory:

Hand Weapons
 a - a +2 vorpal dire flail (weapon)
Missiles
 m - 2 curare-tipped darts
Armour
 b - a +0 plate armour (worn)
 g - a +0 cloak (worn)
Jewellery
 k - a +4 ring of protection (left hand)
 o - an amulet of guardian spirit
 v - an amulet of faith (around neck)
Wands
 e - a wand of acid (9)
 i - a wand of paralysis (13)
 q - a wand of charming (30)
 w - a wand of flame (8)
Scrolls
 c - 3 scrolls of magic mapping
 n - a scroll of holy word
 r - a scroll of teleportation {unknown}
 t - 2 scrolls of enchant weapon {unknown}
 u - 2 scrolls of enchant armour {unknown}
 x - 3 scrolls of identify
Potions
 d - 4 potions of attraction
 f - 2 potions of berserk rage
 h - 4 potions of haste
 j - 2 potions of curing
 l - a potion of mutation
 p - 3 potions of flight
 s - a potion of lignification {unknown}


   Skills:
 + Level 10.1 Fighting
 + Level 13.6 Maces & Flails
 + Level 11.4 Armour
 + Level 4.2 Dodging
 + Level 2.9 Stealth
 + Level 1.2 Evocations


You had 11 spell levels left.
You didn't know any spells.
Your spell library was empty.

Dungeon Overview and Level Annotations

Branches:
Dungeon (12/15)            Temple (0/1) D:5            Lair (0/6) D:8
    Orc: D:9-12

Altars:
Ashenzari
Cheibriados
Gozag
Kikubaaqudgha
Makhleb
Nemelex Xobeh
Okawaru
Qazlal
Ru
Sif Muna
Yredelemnul
Zin
The Shining One

Shops:
D:10 (

Annotations:
D:4 Pikel


Innate Abilities, Weirdness & Mutations

Your stone body is resilient. (AC +8)
You are immune to poison.
You resist negative energy. (rN+)
You are resistant to electric shocks. (rElec)
You are resistant to unholy torment.
You can survive without breathing.
You are immune to petrification.


Message History

You impale the large slime creature!!
The large slime creature is moderately wounded.
A wraith comes into view.
You puncture the large slime creature!
The large slime creature is heavily wounded.
The large slime creature closely misses you.
You puncture the large slime creature!
The large slime creature is heavily wounded.
The large slime creature hits you but does no damage.
You puncture the large slime creature!
The large slime creature is severely wounded.
You impale the large slime creature!!
The large slime creature is almost dead.
You are no longer berserk.
You are exhausted.
You feel yourself slow down.
A slime creature comes into view.
The large slime creature hits you!! x2
A large slime creature splits.
You sock the large slime creature!
You kill the large slime creature!
Trog accepts your kill.
You impale the slime creature!!
The slime creature is heavily wounded.
Two slime creatures merge to form a large slime creature.
Unknown command.
You bludgeon the large slime creature!!
The large slime creature is heavily wounded.
The large slime creature hits you!
* * * LOW HITPOINT WARNING * * *
You hit the large slime creature.
The large slime creature is heavily wounded.
The large slime creature hits you but does no damage.
You hit the large slime creature but do no damage.
The large slime creature is heavily wounded.
The large slime creature hits you!
* * * LOW HITPOINT WARNING * * *
Unknown command.
You feel better. The large slime creature hits you!!
You die...

....J...#
........#
........#
........#
........# #
........# .#
.......J####..####
.......WJ@........
##################


You could see a large slime creature, a slime creature and a wraith.

Vanquished Creatures
  A minotaur (D:11)
  A centaur warrior (D:10)
  The ghost of srzhan31 the Geomancer, a journeyman GrEE of Vehumet (D:11)
  5 two-headed ogres
  An ugly thing (D:10)
  A cyclops (D:11)
  A slime creature (D:12)
  A manticore (D:11)
  Maurice (D:10)
  2 komodo dragons
  A hornet (D:10)
  2 trolls (D:10)
  2 shadows
  2 wyverns
  A vampire (D:9)
  Eustachio (D:6)
  20 yaks
  A steam dragon (D:10)
  3 acid dragons
  3 water moccasins
  An ice beast (D:7)
  2 sky beasts (D:8)
  8 black bears
  2 orc warriors (D:9)
  2 ogres
  3 necrophages
  4 centaurs
  4 kobold brigands
  A phantom (D:4)
  5 bullfrogs
  A scorpion (D:5)
  A jelly (D:5)
  A wyvern skeleton (D:7)
  5 killer bees
  A howler monkey (D:11)
  6 centaur zombies
  2 centaur skeletons
  4 orc priests
  A gnoll shaman (D:6)
  6 hounds
  Terence (D:2)
  An iguana (D:5)
  6 orc wizards
  6 gnolls
  3 adders
  A howler monkey skeleton (D:7)
  A white imp (D:6)
  An ufetubus (D:5)
  3 worms
  2 dart slugs
  23 orcs
  3 bats
  10 endoplasms
  3 giant cockroaches (D:1)
  3 goblins
  8 hobgoblins
  20 kobolds
  4 quokkas
  4 ball pythons
  A frilled lizard (D:1)
  6 rats
221 creatures vanquished.

Vanquished Creatures (others)
  An orc wizard (D:7)
  45 fungi (D:8)
  38 plants
84 creatures vanquished.

Grand Total: 305 creatures vanquished

Notes
Turn   | Place    | Note
-------+----------+-------------------------------------------
     0 | D:1      | mhtbhm the Gargoyle Berserker began the quest for the Orb.
     0 | D:1      | Reached XP level 1. HP: 14/14 MP: 1/1
   180 | D:1      | Reached XP level 2. HP: 12/19 MP: 2/2
   764 | D:1      | Reached XP level 3. HP: 24/24 MP: 3/3
   871 | D:1      | Found a faded altar of an unknown god.
  1767 | D:2      | Noticed Terence
  1780 | D:2      | Killed Terence
  1948 | D:2      | Reached XP level 4. HP: 21/29 MP: 4/4
  2321 | D:2      | Reached skill level 4 in Maces & Flails
  2402 | D:2      | Reached ** piety under Trog
  3151 | D:3      | Reached XP level 5. HP: 33/33 MP: 5/5
  3188 | D:3      | Noticed a kobold brigand
  3210 | D:3      | Killed a kobold brigand
  3211 | D:3      | Reached skill level 5 in Maces & Flails
  3211 | D:3      | Reached XP level 6. HP: 23/39 MP: 6/6
  3984 | D:4      | You fall into a shaft and drop 2 floors!
  3984 | D:6      | Found a sacrificial altar of Ru.
  4038 | D:6      | Noticed Eustachio
  4160 | D:6      | Killed Eustachio
  4336 | D:5      | Entered Level 5 of the Dungeon
  4350 | D:5      | Reached XP level 7. HP: 44/44 MP: 7/7
  4537 | D:5      | Reached skill level 6 in Maces & Flails
  4651 | D:5      | Reached skill level 5 in Fighting
  4815 | D:5      | Found a staircase to the Ecumenical Temple.
  5022 | D:5      | Reached skill level 1 in Stealth
  5022 | D:5      | Reached XP level 8. HP: 39/50 MP: 6/8
  5502 | D:4      | Reached skill level 7 in Maces & Flails
  5523 | D:4      | Found a snail-covered altar of Cheibriados.
  5529 | D:4      | Found a broken altar of Ashenzari.
  5583 | D:4      | Reached *** piety under Trog
  6010 | D:4      | Noticed Pikel
  6011 | D:4      | You fall into a shaft and drop 2 floors!
  6025 | D:6      | Reached skill level 5 in Armour
  6574 | D:6      | Found a stormy altar of Qazlal.
  6708 | D:6      | Reached skill level 8 in Maces & Flails
  6869 | D:6      | Reached XP level 9. HP: 55/55 MP: 7/9
  7200 | D:6      | Found a sparkling altar of Nemelex Xobeh.
  8090 | D:7      | Found a shimmering blue altar of Sif Muna.
  8224 | D:7      | Found an ancient bone altar of Kikubaaqudgha.
  8644 | D:7      | Reached skill level 9 in Maces & Flails
  9279 | D:8      | Reached skill level 1 in Evocations
  9390 | D:8      | Noticed a komodo dragon
  9411 | D:8      | HP: 4/85 [komodo dragon (6)]
  9412 | D:8      | Killed a komodo dragon
  9794 | D:8      | Found a burning altar of Makhleb.
  9797 | D:8      | Noticed a balrug
  9800 | D:8      | Found a glowing silver altar of Zin.
  9800 | D:8      | Noticed an angel
  9831 | D:8      | Reached **** piety under Trog
  9832 | D:8      | Reached XP level 10. HP: 63/63 MP: 10/10
  9927 | D:8      | Reached skill level 10 in Maces & Flails
  9943 | D:8      | Found a staircase to the Lair.
 10200 | D:8      | Found an opulent altar of Gozag.
 10200 | D:8      | Found a faded altar of an unknown god.
 10208 | D:8      | Found an iron altar of Okawaru.
 10210 | D:8      | Found a basalt altar of Yredelemnul.
 10212 | D:8      | Found a faded altar of an unknown god.
 10989 | D:9      | Found a glowing golden altar of the Shining One.
 11062 | D:10     | Entered Level 10 of the Dungeon
 11637 | D:9      | HP: 4/96 [acid dragon (5)]
 11949 | D:10     | Reached skill level 11 in Maces & Flails
 12252 | D:10     | Noticed a two-headed ogre
 12263 | D:10     | Killed a two-headed ogre
 12360 | D:10     | Found Quqewnops's Weapon Emporium.
 12449 | D:10     | Reached XP level 11. HP: 51/69 MP: 11/11
 12825 | D:10     | Reached ***** piety under Trog
 12842 | D:10     | Noticed Maurice
 12862 | D:10     | Killed Maurice
 12863 | D:10     | Reached skill level 10 in Armour
 13137 | D:10     | Noticed a centaur warrior
 13149 | D:10     | Killed a centaur warrior
 13520 | D:10     | Noticed a two-headed ogre
 13520 | D:10     | Noticed a two-headed ogre
 13520 | D:10     | Noticed a green ugly thing
 13526 | D:10     | Killed a green ugly thing
 13530 | D:10     | Killed a two-headed ogre
 13531 | D:10     | Reached skill level 12 in Maces & Flails
 13535 | D:10     | Killed a two-headed ogre
 13652 | D:10     | Received a gift from Trog
 13839 | D:11     | Noticed a two-headed ogre
 13847 | D:11     | Killed a two-headed ogre
 14173 | D:11     | Reached XP level 12. HP: 39/76 MP: 12/12
 14522 | D:11     | Noticed a two-headed ogre
 14527 | D:11     | Killed a two-headed ogre
 14528 | D:11     | Reached skill level 13 in Maces & Flails
 14543 | D:11     | Found a runed translucent gate.
 14543 | D:11     | Found a runed translucent gate.
 14543 | D:11     | Found a runed translucent gate.
 14808 | D:11     | Noticed srzhan31's ghost (journeyman GrEE)
 14809 | D:11     | Noticed a minotaur
 15053 | D:11     | Killed a minotaur
 15075 | D:11     | Reached skill level 10 in Fighting
 15105 | D:11     | Killed srzhan31's ghost
 15135 | D:11     | Identified the +0 robe "Guxemitoti" {Harm Str+2}
 15408 | D:12     | Slain by a large slime creature

Illustrated notes

Levels and vault maps discovered:
D:1:      dpeg_arrival_brainrot, layout_loops_corners,
          shapermc_ecumenical_altar_totnotflames
D:2:      layout_basic, uniq_terence
D:3:      cheibrodos_thug_alley, layout_basic
D:4:      layout_loops_corners, minitemple, uniq_pikel
D:5:      layout_basic, minmay_temple_entry_grid, serial_bayou_lagoon_a
D:6:      layout_basic, nicolae_qazlal_general_emergency,
          nemelex_diamond_rough_becter, nicolae_ru_path_of_blood, uniq_eustachio
D:7:      layout_gridville, led_sif_book, lemuel_tele_altar
D:8:      layout_basic, grunt_temple_overflow_order_and_chaos_2,
          chequers_temple_overflow_minitemple, due_lair_maze_entry_diamond
D:9:      layout_cross, amcnicky_altar_gilded
D:10:     cheibrodos_barr_body, layout_cave_pools, serial_shops, shop,
          minmay_misc_feat_alley, uniq_maurice
D:11:     layout_cave_pools, maelrawn_ghost_gauntlet_escape
D:12:     layout_long_grid, orc_0_dummy, minmay_guarded_unrand_prune

Skill      XL: |  1  2  3  4  5  6  7  8  9 10 11 12 |
---------------+-------------------------------------+-----
Maces & Flails | 4 5 6 8 9 11 12 13 | 13.6
Fighting       | 4 5 6 7 8 9 10 | 10.1
Dodging        | 2 3 4 |  4.2
Armour         | 3 4 5 7 9 11 | 11.4
Stealth        | 1 2 |  2.9
Evocations     | 1 |  1.2

Action                   |  1- 3 |  4- 6 |  7- 9 | 10-12 || total
-------------------------+-------+-------+-------+-------++-------
Melee: Mace              |    71 |    10 |       |       ||    81
       Flail             |       |   188 |   365 |   206 ||   759
       Dire flail        |       |       |       |   283 ||   283
Invok: Berserk           |     3 |     3 |     8 |    15 ||    29
Evoke: Wand              |       |       |     7 |     6 ||    13
  Use: Scroll            |       |     2 |       |     7 ||     9
       Potion            |       |       |       |     6 ||     6
Armor: Ring mail         |    23 |   133 |   184 |       ||   340
       Plate armour      |       |       |    97 |   402 ||   499
Dodge: Dodged            |    48 |   143 |   240 |   187 ||   618

Table legend: (Time is in decaauts)
 A = Elapsed time spent in this place.
 B = Non-inter-level travel time spent in this place.
 C = Inter-level travel time spent in this place.
 D = Time resting spent in this place.
 E = Time spent auto-exploring this place.
 F = Levels seen in this place.
 G = Mean time per level.
                   A        B        C        D        E       F      G
               +--------+--------+--------+--------+--------+-----+--------+
         Total |  15543 |  15444 |     99 |   3743 |   8835 |  12 | 1295.2 |
       Dungeon |  15543 |  15444 |     99 |   3743 |   8835 |  12 | 1295.2 |
               +--------+--------+--------+--------+--------+-----+--------+

Top non-repeatable levels by time:
     D:6: 2363 daAuts
    D:10: 2119 daAuts
     D:1: 1776 daAuts
     D:8: 1474 daAuts
     D:2: 1146 daAuts
     D:9: 1145 daAuts
     D:7: 1119 daAuts
     D:5: 1109 daAuts
    D:11: 1080 daAuts
     D:3: 1032 daAuts
     D:4: 687 daAuts
    D:12: 486 daAuts
